 Dungeon Crawl Stone Soup version 0.23-a0-321-g6bcb69f (webtiles) character file.

315723 galech the Impaler (level 21, -6/173 HPs)
             Began as a Demonspawn Fighter on Oct 12, 2018.
             Was the Champion of Okawaru.
             Mangled by a spark wasp (14 damage)
             ... on level 5 of the Depths on Oct 15, 2018.
             The game lasted 01:38:12 (46434 turns).

galech the Impaler (Demonspawn Fighter)            Turns: 46434, Time: 01:38:14

Health: -6/173     AC: 38    Str: 25    XL:     21   Next: 13%
Magic:  0/24       EV: 14    Int: 11    God:    Okawaru [******]
Gold:   3103       SH: 35    Dex: 21    Spells: 20/20 levels left

rFire    . . .     SeeInvis .   R - +9 spear "Serch" {elec, rPois Str+6}
rCold    + . .     Gourm    .   X - +5 large shield of the Wheelwright {MR++ Str+2}
rNeg     . . .     Faith    .   H - +2 crystal plate armour
rPois    +         Spirit   +   (helmet unavailable)
rElec    .         Reflect  +   U - scarf {Spirit}
rCorr    .         Harm     .   C - +0 pair of gloves
MR       +++..                  J - +1 pair of boots {run}
Stlth    +++.......             I - +5 amulet of reflection
HPRegen  0.38/turn              F - ring of protection from cold
MPRegen  0.19/turn              L - +4 ring of protection

@: heroism, finesse, quick
A: horns 3, thin metallic scales 2, demonic guardian 2, nightstalker 3
a: Heroism, Finesse, Renounce Religion


You were on level 5 of the Depths.
You worshipped Okawaru.
Okawaru was exalted by your worship.
You were hungry.

You visited 6 branches of the dungeon, and saw 32 of its levels.
You visited the Abyss 4 times.
You also visited: Labyrinth and Sewer.

You collected 3793 gold pieces.
You spent 690 gold pieces at shops.

Inventory:

Hand Weapons
 P - the +8 glaive of the Guard {elec, +Rage AC+5 SInv}
   (Okawaru gifted it to you on level 1 of the Depths)

   Occasionally, upon striking a foe, it will discharge some electrical energy
   and cause terrible harm.
   It affects your AC (+5).
   It lets you see invisible.
   It lets you go berserk.
 R - the +9 spear "Serch" (weapon) {elec, rPois Str+6}
   (Okawaru gifted it to you on level 2 of the Abyss)

   Occasionally, upon striking a foe, it will discharge some electrical energy
   and cause terrible harm.
   It affects your strength (+6).
   It protects you from poison.
 W - a +1 demon trident of freezing
Armour
 a - a scarf of cloud immunity
 t - a +1 pair of boots of stealth
 C - a +0 pair of gloves (worn)
 H - a +2 crystal plate armour (worn)
 J - a +1 pair of boots of running (worn)
 Q - a +1 chain mail of cold resistance
 S - the +4 shield of the Marlin {rF- rN+++ Int+3 Dex-5}
   (Okawaru gifted it to you on level 3 of the Elven Halls)

   It affects your intelligence (+3).
   It affects your dexterity (-5).
   It makes you vulnerable to fire.
   It renders you almost immune to negative energy.
 U - a scarf of spirit shield (worn)
 X - the +5 large shield of the Wheelwright (worn) {MR++ Str+2}
   (Okawaru gifted it to you on level 2 of the Depths)

   It affects your strength (+2).
   It affects your resistance to hostile enchantments.
 Z - the +3 pearl dragon scales of the Forest {+Blink rN+ MR- Str+3 Int+3}
   (You found it in a labyrinth)

   It affects your strength (+3).
   It affects your intelligence (+3).
   It protects you from negative energy.
   It affects your resistance to hostile enchantments.
   It lets you blink.
Jewellery
 b - a cursed ring of protection from fire
 n - the ring "Vaususue" {+Fly rF+ rN+ Dex-3 Stlth-}
   (You found it on level 14 of the Dungeon)

   [ring of attention]

   It affects your dexterity (-3).
   It protects you from fire.
   It protects you from negative energy.
   It lets you fly.
   It makes you less stealthy.
 q - an uncursed ring of protection from fire
 F - a ring of protection from cold (left hand)
 I - a +5 amulet of reflection (around neck)
 L - a +4 ring of protection (right hand)
 O - an uncursed ring of flight
 T - an uncursed ring of see invisible
Wands
 B - a wand of digging (23)
Scrolls
 g - 9 scrolls of teleportation
 h - 14 scrolls of identify
 r - 10 scrolls of fog
 u - 4 scrolls of blinking
 w - 5 scrolls of fear
 y - 4 scrolls of enchant weapon
 z - 15 scrolls of remove curse
 D - 2 scrolls of brand weapon
 G - 6 scrolls of enchant armour
 K - 2 scrolls of magic mapping
Potions
 c - 4 potions of brilliance
 d - 7 potions of might
 e - 5 potions of magic
 i - a potion of experience
 j - 13 potions of curing
 k - a potion of resistance
 l - 2 potions of ambrosia
 m - 6 potions of haste
 o - 2 potions of cancellation
 v - 4 potions of flight
 x - 5 potions of mutation
 A - 3 potions of berserk rage
 E - 2 potions of heal wounds
 M - a potion of agility
 N - 2 potions of invisibility
Miscellaneous
 s - a lightning rod (4/4)
Comestibles
 f - 44 rations
 p - 9 chunks of flesh


   Skills:
 + Level 16.8(21.8) Fighting
   Level 6.4(18.5) Axes
 + Level 18.0(23.3) Polearms
 + Level 12.8(17.8) Armour
 + Level 9.3(14.3) Dodging
 + Level 11.6(16.6) Stealth
 + Level 17.4(22.4) Shields
 + Level 5.0 Invocations
 + Level 1.2 Evocations


You had 20 spell levels left.
You didn't know any spells.
Your spell library contained the following spells:

 Spells                   Type           Power        Failure   Level  Hunger
 Beastly Appendage        Tmut           #.....       100%        1    ##.....
 Confusing Touch          Hex            #.....       100%        1    ##.....
 Infusion                 Chrm           #...         100%        1    ##.....
 Shock                    Conj/Air       #...         100%        1    ##.....
 Summon Small Mammal      Summ           #...         100%        1    ##.....
 Call Imp                 Summ           #.......     100%        2    ###....
 Corpse Rot               Necr           N/A          100%        2    ###....
 Ensorcelled Hibernation  Hex/Ice        #.....       100%        2    ###....
 Shroud of Golubria       Chrm/Tloc      #.........   100%        2    ###....
 Song of Slaying          Chrm           #.......     100%        2    ###....
 Sticks to Snakes         Tmut           #.......     100%        2    ###....
 Sublimation of Blood     Necr           #.........   100%        2    ###....
 Swiftness                Chrm/Air       #.......     100%        2    ###....
 Call Canine Familiar     Summ           #.......     100%        3    ####...
 Confuse                  Hex            #.......     100%        3    ####...
 Gell's Gravitas          Tloc           #.........   100%        3    ####...
 Ignite Poison            Fire/Tmut/Pois #.......     100%        3    ####...
 Regeneration             Chrm/Necr      #.........   100%        3    ####...
 Spectral Weapon          Hex/Chrm       #.......     100%        3    ####...
 Spider Form              Tmut/Pois      #.........   100%        3    ####...
 Stone Arrow              Conj/Erth      #.....       100%        3    ####...
 Summon Guardian Golem    Hex/Summ       #.......     100%        3    ####...
 Ice Form                 Ice/Tmut       #.......     100%        4    #####..
 Leda's Liquefaction      Hex/Erth       #.........   100%        4    #####..
 Petrify                  Tmut/Erth      #.......     100%        4    #####..
 Summon Ice Beast         Ice/Summ       #.......     100%        4    #####..
 Summon Lightning Spire   Summ/Air       #.......     100%        4    #####..
 Alistair's Intoxication  Tmut/Pois      #.......     100%        5    ######.
 Blade Hands              Tmut           #.........   100%        5    ######.
 Irradiate                Conj/Tmut      #.........   100%        5    ######.
 Metabolic Englaciation   Hex/Ice        #.........   100%        5    ######.
 Summon Forest            Summ/Tloc      #.........   100%        5    ######.
 Yara's Violent Unravell  Hex/Tmut       #.........   100%        5    ######.
 Deflect Missiles         Chrm/Air       #.........   100%        6    #######
 Hydra Form               Tmut           #.........   100%        6    #######
 Poison Arrow             Conj/Pois      #.........   100%        6    #######
 Summon Hydra             Summ           #.........   100%        7    #######
 Chain Lightning          Conj/Air       #.........   100%        8    #######
 Lehudib's Crystal Spear  Conj/Erth      #.........   100%        8    #######
 Fire Storm               Conj/Fire      #.........   100%        9    #######
 Glaciate                 Conj/Ice       #.........   100%        9    #######
 Tornado                  Air            #.........   100%        9    #######


Dungeon Overview and Level Annotations

Branches:
Dungeon (15/15)            Temple (1/1) D:6            Lair (6/6) D:8
 Shoals (0/4) Lair:2       Spider (0/4) Lair:4        Slime (0/5) Lair:5
    Orc (2/2) D:9             Elf (3/3) Orc:2        Vaults (0/5) D:13
 Depths (5/5) D:15
    Zot: Depths:5

Altars:
Cheibriados
Elyvilon
Fedhas
Gozag
Kikubaaqudgha
Makhleb
Okawaru
Ru
Sif Muna
Uskayaw
Vehumet
Xom
Yredelemnul
Zin
The Shining One
Beogh
Lugonu

Shops:
D:5 =   D:6 :   D:8 }}*%   D:10 !   D:14 *   Orc:2 (!*[   Elf:1 =

Portals:
Hell: Depths:1 Depths:2 Depths:3 Depths:4
Abyss: Depths:2 Depths:4
Pandemonium: Depths:1 Depths:3 Depths:4
Ziggurat: Depths:3

Annotations:
Elf:2 Nikola


Innate Abilities, Weirdness & Mutations

You have a pair of large horns on your head.
You are mostly covered in thin metallic scales. (AC +3)
A demonic guardian rushes to your aid.
You are completely attuned to the shadows.


Message History

The tentacled monstrosity is almost dead.
You block the spark wasp's attack. The spark wasp barely misses you.
You puncture the tentacled monstrosity!
Your headbutt misses the tentacled monstrosity.
The tentacled monstrosity is almost dead.
The white draconian hits you from afar with a +0 halberd.
* * * LOW HITPOINT WARNING * * *
You block the deep troll earth mage's attack. x2
The deep troll earth mage closely misses you.
Your orange demon stings the tentacled monstrosity but does no damage.
Your orange demon hits the tentacled monstrosity.
You hit the tentacled monstrosity.
The tentacled monstrosity is almost dead.
You block the tentacled monstrosity's attack. x2
The tentacled monstrosity misses you.
You block the tentacled monstrosity's attack.
The spark wasp stings you!
* * * LOW HITPOINT WARNING * * *
The spark wasp shocks you!
You die...

.........
....!....
..........
.....÷§...
..........
....Tyi...
....@C....
...4Xyd...
..........
..........
##########
≈≈≈≈≈≈≈≈≈


You could see a tentacled monstrosity, a white draconian, a stone giant, 2 spark
wasps, a spriggan rider, a deep troll earth mage and a friendly orange demon.

Vanquished Creatures
  2 ancient liches (Depths:1)
  A juggernaut (Depths:4)
  The ghost of Narhacs the Slayer, an adept OgBe of Trog (Depths:3)
  The ghost of Narhacs the Slayer, an adept OgBe of Trog (Depths:3)
  2 caustic shrikes
  2 tentacled monstrosities
  2 deep elf blademasters (Elf:3)
  A titan (Depths:3)
  3 quicksilver dragons (Depths:4)
  2 deep elf master archers (Elf:3)
  3 tentacled starspawn
  A sphinx (Depths:4)
  A storm dragon (Depths:2)
  A shadow dragon (Depths:4)
  A tengu reaver (Depths:4)
  4 frost giants
  5 fire giants
  6 deep elf sorcerers
  4 deep elf elementalists
  3 spriggan defenders (Depths:3)
  An orc warlord (Orc:2)
  A reaper (Depths:1)
  13 very ugly things
  A caustic shrike skeleton (Depths:2)
  10 stone giants
  5 deep elf demonologists (Elf:3)
  2 vampire knights (Depths:4)
  A minotaur (Lab)
  5 deep elf annihilators (Elf:3)
  The ghost of Jareitt the Nimble, a journeyman SpBe of Trog (Depths:3)
  The ghost of Siptan the Nimble, a journeyman SpBe of Trog (Depths:3)
  The ghost of Siptan the Nimble, a journeyman SpBe of Trog (Depths:3)
  The ghost of iamserjio the Earth Mage, a journeyman DEEE of Nemelex Xobeh (Depths:1)
  2 spark wasps (Depths:5)
  A green death (Depths:1)
  5 deep elf death magi
  4 ettins
  Josephine (Orc:2)
  9 great orbs of eyes
  2 deep elf high priests
  9 fire dragons
  6 yaktaur captains
  2 caustic shrike simulacra (Depths:1)
  Harold (D:7)
  A vault guard (D:13)
  3 rakshasas
  A spectral tengu (Depths:1)
  8 ice dragons
  A centaur warrior (D:13)
  A death knight (D:13)
  4 spriggan air magi (Depths:2)
  7 hydras
  16 two-headed ogres
  3 catoblepae
  20 dancing weapons
  A catoblepas (shapeshifter) (Depths:1)
  Erica (D:8)
  3 ogre magi
  A vampire mage (Depths:3)
  8 tengu warriors
  The ghost of Zuunur the Spry, a journeyman SpEn of Dithmenos (Lair:3)
  6 thrashing horrors
  A death yak (Lair:6)
  4 deep troll shamans
  4 orc high priests
  2 spriggan berserkers
  A soul eater (Depths:1)
  10 deep troll earth magi
  Sonja (Lair:2)
  17 deep elf knights
  9 hell knights
  2 iron trolls (Depths:3)
  4 wretched stars
  A titan skeleton (Depths:2)
  2 skeletal warriors (D:14)
  2 flayed ghosts
  23 deep trolls
  A golden dragon zombie (Depths:2)
  An orange crystal statue (D:13)
  12 deep elf archers
  Pikel (D:5)
  2 phantasmal warriors (Depths:4)
  4 wizards
  A harpy (shapeshifter) (Depths:1)
  5 orc knights
  7 necromancers
  A wolf spider (Depths:1)
  49 deep elf magi
  4 worldbinders (Abyss:2)
  20 ugly things
  4 cyclopes
  4 manticores
  A faun (shapeshifter) (Depths:1)
  3 orc sorcerers (Orc:2)
  4 elephants (Lair:5)
  A merfolk siren (Lair:2)
  A fire giant skeleton (Depths:2)
  3 centaur zombies
  6 black mambas
  12 spiny frogs
  A spectral elf (Depths:1)
  2 torpor snails
  A rust devil (Depths:4)
  4 smoke demons
  A gargoyle (D:9)
  3 naga magi (D:15)
  A hellion (Abyss:2)
  A hellwing (Abyss:2)
  5 kobold demonologists
  3 freezing wraiths (D:13)
  7 yaktaurs
  An efreet (D:14)
  2 golden dragon simulacra (Depths:1)
  5 ancient zymes
  A komodo dragon (shapeshifter) (Depths:4)
  5 tengu conjurers
  A spriggan skeleton (Depths:2)
  A silent spectre (Abyss:2)
  4 trolls
  2 meliai (D:12)
  A merfolk (Lair:2)
  7 polar bears
  A queen bee (D:12)
  17 large abominations
  16 slime creatures
  9 hornets
  8 raiju
  5 blink frogs
  4 dream sheep
  A hippogriff (shapeshifter) (Depths:4)
  9 hippogriffs
  A spriggan (shapeshifter) (Depths:4)
  A redback (Lair:4)
  16 spriggans
  5 wraiths
  A shadow (Abyss:2)
  12 starcursed masses (Abyss:2)
  6 air elementals
  A centaur simulacrum (D:15)
  A fire elemental (Elf:3)
  14 humans (D:13)
  2 vampires
  4 basilisks
  3 water elementals
  33 yaks
  A wyvern (D:12)
  2 ynoxinuls
  6 vampire mosquitoes
  2 neqoxecs
  3 chaos spawn (Abyss:4)
  A golden eye (shapeshifter) (Depths:4)
  12 small abominations
  4 wargs
  Menkaure (D:6)
  4 hungry ghosts
  A steam dragon (Lair:3)
  2 elf simulacra (Depths:1)
  A soldier ant (shapeshifter) (Depths:2)
  Duvessa (D:5)
  An acid dragon (D:15)
  4 insubstantial wisps
  6 water moccasins
  2 hell hounds (Abyss:4)
  2 soldier ants (D:13)
  A swamp worm (shapeshifter) (Depths:1)
  A floating eye (shapeshifter) (Depths:2)
  5 black bears
  42 orc warriors
  6 porcupines
  Purgy (Sewer)
  5 sky beasts (Depths:2)
  23 ogres
  3 ice beasts
  A slave (D:5)
  2 eyes of draining (shapeshifter)
  A necrophage (D:12)
  An ogre (shapeshifter) (Elf:3)
  6 phantoms
  4 boggarts (Lair:6)
  18 wolves
  15 centaurs
  16 crocodiles
  A big kobold (shapeshifter) (Depths:3)
  3 big kobolds
  14 bullfrogs
  A gnoll sergeant (D:8)
  An earth elemental (Elf:2)
  Dowan (D:5)
  3 scorpions
  A wyvern skeleton (D:7)
  24 killer bees
  2 howler monkeys (D:13)
  25 wights
  9 electric eels
  9 crimson imps
  3 bullfrog zombies
  A quasit (Depths:1)
  12 jellies
  6 hounds
  31 orc priests
  A bullfrog skeleton (D:12)
  5 centaur skeletons
  An iron imp (Abyss:2)
  2 hell rats
  3 iguanas
  25 orc wizards
  4 lightning spires (Depths:2)
  7 worker ants
  2 hound zombies (D:8)
  A worker ant zombie (D:6)
  5 gnolls (D:8)
  A howler monkey skeleton (D:11)
  15 adders
  4 shadow imps
  7 oozes
  3 worms
  2 ball lightnings (Depths:2)
  A dart slug (D:2)
  11 leopard geckos
  113 orcs
  7 giant cockroaches
  13 goblins
  14 hobgoblins
  9 jackals
  4 bats
  2 frilled lizards
  30 kobolds
  2 leopard gecko skeletons (D:4)
  11 rats
  A lurking horror (Abyss:2)
  13 plants (Lair:5)
  A starspawn tentacle (Abyss:4)
1350 creatures vanquished.

Vanquished Creatures (collateral kills)
  Saint Roka (Elf:2)
  A Hell Sentinel (Abyss:2)
  A tentacled monstrosity (Depths:4)
  Gastronok (D:11)
  A tentacled starspawn (Abyss:4)
  2 deep elf sorcerers
  2 deep elf elementalists (Elf:3)
  6 very ugly things
  4 deep elf annihilators (Elf:3)
  Snorg (Lair:3)
  An ettin (D:15)
  2 deep elf death magi (Elf:3)
  An ogre mage (D:15)
  A great orb of eyes (Depths:3)
  A hydra (Lair:3)
  A catoblepas (Lair:4)
  4 two-headed ogres
  2 death yaks (Lair:6)
  5 dancing weapons
  An orc high priest (Orc:2)
  4 deep elf knights
  A wretched star (Abyss:4)
  A hell knight (Depths:3)
  A spatial maelstrom (Abyss:4)
  An unseen horror (Depths:1)
  A skeletal warrior (D:14)
  2 deep trolls (Depths:4)
  A shadow wraith (Depths:1)
  A wizard (D:13)
  A starcursed mass (Abyss:2)
  An orc knight (Orc:2)
  2 deep elf archers (Elf:1)
  2 deep elf magi
  3 ugly things
  2 merfolk sirens (Lair:2)
  2 elephants (Lair:5)
  An eye of devastation (shapeshifter) (Elf:2)
  A centaur skeleton (D:15)
  A spiny frog (Lair:3)
  A demonic crawler (Depths:1)
  A meliai (D:12)
  A tengu conjurer (Depths:4)
  A hornet (Lair:6)
  A tengu simulacrum (Depths:1)
  2 blink frogs (Abyss:2)
  A dream sheep (Lair:5)
  A slime creature (D:6)
  2 raiju
  A redback (shapeshifter) (Abyss:2)
  A spriggan (Lair:6)
  A centaur simulacrum (D:15)
  An air elemental (Elf:1)
  A wraith (Orc:2)
  6 yaks
  6 humans (D:13)
  A water elemental (Elf:3)
  A hungry ghost (D:15)
  Eustachio (D:5)
  3 porcupines (Lair:3)
  4 orc warriors
  A sky beast (Depths:2)
  A boggart (Elf:1)
  2 wolves (Lair:6)
  2 centaurs
  2 ogres
  A crocodile (Lair:3)
  8 killer bees (D:12)
  An orc priest (Orc:2)
  A jelly (D:6)
  2 orc wizards
  A worker ant (D:13)
  An adder (D:8)
  A white imp (Abyss:2)
  An ooze (D:6)
  9 orcs
  A giant cockroach (Depths:1)
141 creatures vanquished.

Vanquished Creatures (others)
  A centaur warrior (Depths:1)
  A deep elf knight (Elf:2)
  2 deep elf archers
  2 deep elf magi
  2 yaktaurs (Depths:2)
  2 centaurs (D:14)
  10 fungi
  2 plants
  10 starspawn tentacles
32 creatures vanquished.

Grand Total: 1523 creatures vanquished

Notes
Turn   | Place    | Note
-------+----------+-------------------------------------------
     0 | D:1      | galech the Demonspawn Fighter began the quest for the Orb.
     0 | D:1      | Reached XP level 1. HP: 18/18 MP: 1/1
    92 | D:1      | Gained mutation: You are partially covered in thin metallic
                  | scales. (AC +2) [demonic ancestry]
    92 | D:1      | Reached XP level 2. HP: 24/24 MP: 2/2
   487 | D:2      | Gained mutation: You have a pair of small horns on your
                  | head. [demonic ancestry]
   487 | D:2      | Reached XP level 3. HP: 23/29 MP: 3/3
   765 | D:2      | Reached XP level 4. HP: 31/35 MP: 4/4
  1095 | D:2      | Found a snail-covered altar of Cheibriados.
  1482 | D:3      | Reached XP level 5. HP: 41/41 MP: 5/5
  1576 | D:3      | Found a glowing drain.
  1580 | Sewer    | Entered a sewer
  1635 | Sewer    | Noticed Purgy
  1649 | Sewer    | Killed Purgy
  1649 | Sewer    | Reached skill level 1 in Dodging
  1649 | Sewer    | Reached XP level 6. HP: 41/48 MP: 6/6
  2233 | D:4      | Noticed an ice beast
  2249 | D:4      | Killed an ice beast
  2500 | D:4      | Gained mutation: A weak demonic guardian rushes to your
                  | aid. [demonic ancestry]
  2500 | D:4      | Reached XP level 7. HP: 41/54 MP: 7/7
  2575 | D:4      | Got a transparent halberd
  2581 | D:4      | Identified the +6 halberd "Qunuim" {chop, Str+2} (You found
                  | it on level 4 of the Dungeon)
  3226 | D:5      | Entered Level 5 of the Dungeon
  3228 | D:5      | Upgraded the game from 0.23-a0-310-gdcc7a32 to
                  | 0.23-a0-321-g6bcb69f
  3231 | D:5      | Noticed Eustachio
  3239 | D:5      | Killed Eustachio
  3239 | D:5      | Reached skill level 5 in Axes
  3291 | D:5      | Found Ygesch's Jewellery Shoppe.
  3294 | D:5      | Noticed Dowan
  3319 | D:5      | Noticed Duvessa
  3433 | D:4      | Reached skill level 1 in Polearms
  3584 | D:5      | Killed Duvessa
  3588 | D:5      | Killed Dowan
  3588 | D:5      | Reached skill level 2 in Polearms
  3638 | D:5      | Found a white marble altar of Elyvilon.
  3763 | D:5      | Reached XP level 8. HP: 55/61 MP: 8/8
  3783 | D:5      | Noticed Pikel
  3793 | D:5      | Killed Pikel
  3793 | D:5      | Reached skill level 4 in Polearms
  3795 | D:5      | Found a glowing golden altar of the Shining One.
  3855 | D:5      | Found a basalt altar of Yredelemnul.
  3855 | D:5      | Found a burning altar of Makhleb.
  3856 | D:5      | Found a sacrificial altar of Ru.
  3916 | D:5      | Found a glowing silver altar of Zin.
  4239 | D:6      | Reached skill level 5 in Fighting
  4256 | D:6      | Reached skill level 5 in Armour
  4431 | D:6      | Found Waisank's Book Boutique.
  4719 | D:6      | Noticed Menkaure
  4721 | D:6      | Killed Menkaure
  4721 | D:6      | Reached skill level 5 in Polearms
  4721 | D:6      | Reached skill level 1 in Stealth
  4731 | D:6      | Noticed a slime creature
  4764 | D:6      | Killed a slime creature
  4764 | D:6      | Reached XP level 9. HP: 31/68 MP: 9/9
  5282 | D:6      | Reached skill level 6 in Polearms
  5344 | D:6      | Found a staircase to the Ecumenical Temple.
  5353 | Temple   | Entered the Ecumenical Temple
  5374 | Temple   | Became a worshipper of Warmaster Okawaru
  5657 | D:7      | Noticed Harold
  5671 | D:7      | Killed Harold
  5671 | D:7      | Reached * piety under Okawaru
  5671 | D:7      | Reached skill level 7 in Polearms
  5982 | D:7      | Reached skill level 8 in Polearms
  5989 | D:7      | Reached ** piety under Okawaru
  6318 | D:7      | Gained mutation: You are mostly covered in thin metallic
                  | scales. (AC +3) [demonic ancestry]
  6318 | D:7      | Reached XP level 10. HP: 70/76 MP: 10/10
  6585 | D:7      | Found a deep blue altar of Sif Muna.
  6623 | D:8      | Found Quca's Gadget Boutique.
  6669 | D:8      | Found Weypp's Gadget Shoppe.
  6841 | D:8      | Found Dal Gukh's Assorted Antiques.
  6846 | D:8      | Bought a scroll of identify for 56 gold pieces
  6858 | D:8      | Found a staircase to the Lair.
  6985 | D:8      | Noticed Erica
  6995 | D:8      | Killed Erica
  6995 | D:8      | Reached skill level 9 in Polearms
  7102 | D:8      | Found Suyrghasi's Food Shop.
  7346 | D:8      | Reached *** piety under Okawaru
  7691 | D:9      | Found a staircase to the Orcish Mines.
  7987 | D:9      | Found a blossoming altar of Fedhas.
  8010 | D:9      | Reached skill level 10 in Polearms
  8195 | D:9      | Reached **** piety under Okawaru
  8421 | D:9      | Noticed a gargoyle
  8426 | D:9      | Killed a gargoyle
  9061 | Orc:1    | Entered Level 1 of the Orcish Mines
  9061 | Orc:1    | Noticed an orc knight
  9088 | D:9      | HP: 3/79 [orc knight/+0 war axe (10)]
  9092 | D:9      | Killed an orc knight
  9092 | D:9      | Gained mutation: You are slightly more attuned to the
                  | shadows. [demonic ancestry]
  9092 | D:9      | Reached XP level 11. HP: 2/84 MP: 8/11
  9811 | Orc:2    | Entered Level 2 of the Orcish Mines
  9897 | Orc:2    | Reached skill level 11 in Polearms
 10048 | Orc:2    | Noticed a two-headed ogre
 10054 | Orc:2    | Killed a two-headed ogre
 10054 | Orc:2    | Reached ***** piety under Okawaru
 10602 | Orc:2    | Found a roughly hewn altar of Beogh.
 10622 | Orc:2    | Noticed an orc sorcerer
 10622 | Orc:2    | Noticed an orc knight
 10627 | Orc:2    | Killed an orc sorcerer
 10636 | Orc:2    | Killed an orc knight
 10742 | Orc:2    | Noticed an orc knight
 10761 | Orc:2    | Killed an orc knight
 10762 | Orc:2    | Found Plog's Weapon Emporium.
 10818 | Orc:2    | Found Loig's Distillery.
 10818 | Orc:2    | Noticed an orc knight
 10831 | Orc:2    | Killed an orc knight
 10972 | Orc:2    | Bought a potion of heal wounds for 85 gold pieces
 10972 | Orc:2    | Bought a potion of curing for 51 gold pieces
 10972 | Orc:2    | Bought a potion of curing for 51 gold pieces
 10972 | Orc:2    | Bought a potion of curing for 51 gold pieces
 11234 | Orc:2    | Reached skill level 12 in Polearms
 11382 | Orc:2    | Noticed an orc sorcerer
 11382 | Orc:2    | Noticed an orc sorcerer
 11400 | Orc:2    | Killed an orc sorcerer
 11404 | Orc:2    | Killed an orc sorcerer
 11710 | Orc:2    | Found a staircase to the Elven Halls.
 11779 | Orc:2    | Noticed an orc knight
 11797 | Orc:2    | Killed an orc knight
 11801 | Orc:2    | Received a gift from Okawaru
 11902 | Orc:2    | Found Qabriducw's General Store.
 12189 | Orc:2    | Noticed an orc knight
 12200 | Orc:2    | Killed an orc knight
 12200 | Orc:2    | Gained mutation: A demonic guardian rushes to your aid.
                  | [demonic ancestry]
 12200 | Orc:2    | Reached XP level 12. HP: 66/94 MP: 12/12
 12319 | Orc:2    | Noticed Josephine
 12334 | Orc:2    | Killed Josephine
 12665 | Orc:2    | Noticed an orc warlord
 12675 | Orc:2    | Killed an orc warlord
 12675 | Orc:2    | Reached skill level 13 in Polearms
 12682 | Orc:2    | Found a roughly hewn altar of Beogh.
 12717 | Orc:2    | Noticed an orc high priest
 12721 | Orc:2    | Killed an orc high priest
 12748 | Orc:2    | Noticed an orc high priest
 12762 | Orc:2    | Killed an orc high priest
 12762 | Orc:2    | Reached ****** piety under Okawaru
 13062 | Orc:2    | Found Cuakirre's Armour Boutique.
 13063 | Orc:2    | Noticed an orc high priest
 13098 | Orc:2    | Killed an orc high priest
 13098 | Orc:2    | Received a gift from Okawaru
 13398 | Orc:2    | Noticed an orc high priest
 13451 | Orc:2    | Killed an orc high priest
 14097 | Orc:2    | Bought 2 potions of curing for 84 gold pieces
 14097 | Orc:2    | Bought a scroll of blinking for 105 gold pieces
 14097 | Orc:2    | Bought a scroll of identify for 28 gold pieces
 14097 | Orc:2    | Bought a scroll of enchant armour for 105 gold pieces
 14191 | D:10     | Entered Level 10 of the Dungeon
 14198 | D:10     | Found Xohekunn's Distillery.
 14464 | D:10     | Bought a potion of curing for 42 gold pieces
 14503 | D:10     | Noticed a two-headed ogre
 14510 | D:10     | Killed a two-headed ogre
 14717 | D:10     | Noticed a two-headed ogre
 14722 | D:10     | Killed a two-headed ogre
 15082 | D:11     | Noticed a two-headed ogre
 15091 | D:11     | Killed a two-headed ogre
 15091 | D:11     | Reached skill level 14 in Polearms
 15095 | D:11     | Reached skill level 10 in Fighting
 15206 | D:11     | Noticed a two-headed ogre
 15215 | D:11     | Killed a two-headed ogre
 15467 | D:11     | Noticed Gastronok
 15475 | D:11     | Killed Gastronok
 15475 | D:11     | Received a gift from Okawaru
 15475 | D:11     | Gained mutation: You have a pair of horns on your head.
                  | [demonic ancestry]
 15475 | D:11     | Reached XP level 13. HP: 103/103 MP: 13/13
 15943 | D:12     | Found a labyrinth entrance.
 15951 | Lab      | Entered a labyrinth
 16622 | Lab      | Noticed a minotaur
 16638 | Lab      | Killed a minotaur
 16641 | Lab      | Identified the Volume of Feathers and the Glacier
 16643 | Lab      | Got twisted pearl dragon scales
 16706 | Lab      | Identified the +3 pearl dragon scales of the Forest {+Blink
                  | rN+ MR- Str+3 Int+3} (You found it in a labyrinth)
 17339 | D:12     | Received a gift from Okawaru
 17354 | D:12     | Reached skill level 1 in Invocations
 17437 | D:12     | Reached skill level 5 in Shields
 17775 | Lair:1   | Entered Level 1 of the Lair of Beasts
 19104 | Lair:2   | Received a gift from Okawaru
 19218 | Lair:2   | Found a staircase to the Shoals.
 19622 | Lair:2   | Noticed Sonja
 19784 | Lair:2   | Killed Sonja
 20134 | Lair:3   | Found a runed door.
 20134 | Lair:3   | Noticed Zuunur's ghost (journeyman SpEn)
 20172 | Lair:3   | Reached skill level 5 in Dodging
 20476 | Lair:3   | Noticed Snorg
 20486 | Lair:3   | Killed Snorg
 20708 | Lair:3   | Gained mutation: You are significantly more attuned to the
                  | shadows. [demonic ancestry]
 20708 | Lair:3   | Reached XP level 14. HP: 113/113 MP: 14/14
 21082 | Lair:3   | Killed Zuunur's ghost
 21472 | Lair:4   | Reached skill level 15 in Polearms
 21587 | Lair:4   | Found a hole to the Spider Nest.
 22380 | Lair:5   | Received a gift from Okawaru
 22387 | Lair:5   | Got a faintly humming hat {god gift}
 22398 | Lair:5   | Identified the +0 hat of the Elephant {-Cast rPois rF+++
                  | Str-2} (Okawaru gifted it to you on level 5 of the Lair of
                  | Beasts)
 22658 | Lair:5   | Found a staircase to the Slime Pits.
 23309 | Lair:6   | Entered Level 6 of the Lair of Beasts
 23803 | Lair:6   | Received a gift from Okawaru
 25128 | D:13     | Reached XP level 15. HP: 110/121 MP: 16/16
 25180 | D:13     | Received a gift from Okawaru
 25712 | D:13     | Cast into level 2 of the Abyss (a wizard)
 25782 | Abyss:2  | Received a gift from Okawaru
 25785 | Abyss:2  | Got an ichor-stained spear {god gift}
 25786 | Abyss:2  | Identified the +9 spear "Serch" {elec, rPois Str+6}
                  | (Okawaru gifted it to you on level 2 of the Abyss)
 25807 | Abyss:2  | Noticed a deep elf sorcerer
 25817 | Abyss:2  | Killed a deep elf sorcerer
 25834 | Abyss:2  | Noticed a Hell Sentinel
 25876 | Abyss:2  | Reached skill level 5 in Stealth
 25877 | Abyss:2  | Killed a Hell Sentinel
 25951 | Abyss:2  | Reached skill level 10 in Armour
 25969 | Abyss:2  | Noticed a tentacled starspawn
 26026 | Abyss:2  | Received a gift from Okawaru
 26029 | Abyss:2  | Got a shimmering quarterstaff {god gift}
 26103 | D:13     | Escaped the Abyss
 26710 | D:13     | Found a gate to the Vaults.
 26931 | D:14     | Noticed a tentacled starspawn
 27163 | D:14     | Found a transporter.
 27300 | D:14     | Found Syer's General Store.
 27304 | D:14     | Bought a scroll of identify for 32 gold pieces
 27550 | D:14     | Found a corrupted altar of Lugonu.
 27566 | D:14     | Killed a tentacled starspawn
 27580 | D:14     | Received a gift from Okawaru
 27639 | D:14     | Got a pitted glass ring
 27642 | D:14     | Identified the ring "Vaususue" {+Fly rF+ rN+ Dex-3 Stlth-}
                  | (You found it on level 14 of the Dungeon)
 27703 | D:15     | Entered Level 15 of the Dungeon
 27712 | D:15     | Reached skill level 10 in Shields
 27745 | D:15     | Received a gift from Okawaru
 27757 | D:15     | Got a brightly glowing war axe {god gift}
 27758 | D:15     | Identified the +9 war axe of Okawaru's Anger {chop, Int+3}
                  | (Okawaru gifted it to you on level 15 of the Dungeon)
 28092 | D:15     | Paralysed by an ogre mage for 7 turns
 28379 | D:15     | Found a staircase to the Depths.
 28387 | D:15     | Reached XP level 16. HP: 127/131 MP: 17/17
 28677 | D:15     | Received a gift from Okawaru
 29231 | Elf:1    | Entered Level 1 of the Elven Halls
 29298 | Elf:1    | Cast into level 2 of the Abyss (a deep elf sorcerer)
 29373 | Abyss:2  | Reached skill level 16 in Polearms
 29411 | Abyss:2  | Found a corrupted altar of Lugonu.
 29499 | Abyss:2  | Got a faintly glowing ring mail
 29626 | Abyss:2  | Paralysed by accursed screaming for 1 turns
 29816 | Elf:1    | Escaped the Abyss
 30161 | Elf:1    | Found Biduw's Jewellery Shop.
 30256 | Elf:1    | Received a gift from Okawaru
 31036 | Elf:1    | Identified the +0 ring mail of the Old World {rC+ Int+2
                  | Dex+6} (You found it on level 2 of the Abyss)
 31513 | Elf:2    | Gained mutation: You are completely attuned to the shadows.
                  | [demonic ancestry]
 31513 | Elf:2    | Reached XP level 17. HP: 127/139 MP: 19/19
 31578 | Elf:2    | Received a gift from Okawaru
 31612 | Elf:2    | Found a runed gate.
 31612 | Elf:2    | Found a runed gate.
 31612 | Elf:2    | Found a runed gate.
 32008 | Elf:2    | Noticed Saint Roka
 32254 | Elf:2    | Identified the cursed +0 pair of gloves "Healaus" {rElec
                  | rCorr Str+3}
 32254 | Elf:2    | Noticed Nikola
 33078 | Elf:3    | Entered Level 3 of the Elven Halls
 33167 | Elf:3    | Received a gift from Okawaru
 33179 | Elf:3    | Got a polished shield {god gift}
 33190 | Elf:3    | Identified the +4 shield of the Marlin {rF- rN+++ Int+3
                  | Dex-5} (Okawaru gifted it to you on level 3 of the Elven
                  | Halls)
 33331 | Elf:3    | Noticed a deep elf master archer
 33345 | Elf:3    | Killed a deep elf master archer
 33373 | Elf:3    | Identified the cursed +1 mace "Cengid" {crush, Str+4}
 33376 | Elf:3    | Noticed a deep elf master archer
 33383 | Elf:3    | Killed a deep elf master archer
 33467 | Elf:3    | Identified the +3 scimitar "Grum" {freeze, +Blink +Inv rC-}
 33475 | Elf:3    | Identified the +1 war axe of Gehenna {venom, MR+ Stlth+}
 33742 | Elf:3    | Cast into level 4 of the Abyss (a deep elf sorcerer)
 34078 | Abyss:4  | Received a gift from Okawaru
 34153 | Abyss:4  | Reached XP level 18. HP: 117/117 MP: 20/20
 34241 | Elf:3    | Escaped the Abyss
 34261 | Elf:3    | Noticed a Hell Sentinel
 34264 | Elf:3    | Cast into level 2 of the Abyss (a deep elf demonologist)
 34578 | Elf:3    | Escaped the Abyss
 34740 | Elf:3    | Reached skill level 15 in Fighting
 34756 | Elf:3    | Reached skill level 10 in Stealth
 34827 | Elf:3    | Identified the ring of Nodioss {rPois MR+ Int+3}
 34840 | Elf:3    | Received a gift from Okawaru
 35137 | Elf:3    | Reached skill level 17 in Polearms
 35241 | Elf:2    | Killed Saint Roka
 35619 | Depths:1 | Entered Level 1 of the Depths
 36022 | D:15     | Received a gift from Okawaru
 36030 | D:15     | Got an ichor-stained shield {god gift}
 36041 | D:15     | Identified the +2 shield of Gunum {+Blink Str-2 Int+7}
                  | (Okawaru gifted it to you on level 15 of the Dungeon)
 36104 | Depths:1 | Found a gateway to Hell.
 36345 | Depths:1 | Paralysed by a great orb of eyes for 4 turns
 36780 | Depths:1 | Found a runed gate.
 36780 | Depths:1 | Found a runed gate.
 36781 | Depths:1 | Found a runed gate.
 36782 | Depths:1 | Noticed an ancient lich
 37105 | Depths:1 | Reached XP level 19. HP: 155/155 MP: 21/21
 37140 | Depths:1 | Found a runed gate.
 37140 | Depths:1 | Found a runed gate.
 37140 | Depths:1 | Found a runed gate.
 37395 | Depths:1 | Found a one-way gate leading to the halls of Pandemonium.
 37667 | Depths:1 | Noticed an ancient lich
 37673 | Depths:1 | Noticed iamserjio's ghost (journeyman DEEE)
 37787 | Depths:1 | Killed iamserjio's ghost
 37812 | Depths:1 | Killed an ancient lich
 37812 | Depths:1 | Received a gift from Okawaru
 37924 | Depths:1 | Paralysed by an ancient lich for 6 turns
 37946 | Depths:1 | Killed an ancient lich
 38492 | Depths:1 | Received a gift from Okawaru
 38493 | Depths:1 | Found the +8 glaive of the Guard {elec, +Rage AC+5 SInv}
 39516 | Depths:2 | Found a one-way gate to the infinite horrors of the Abyss.
 39594 | Depths:2 | Received a gift from Okawaru
 39597 | Depths:2 | Got a translucent large shield {god gift}
 39644 | Depths:2 | Identified the +5 large shield of the Wheelwright {MR++
                  | Str+2} (Okawaru gifted it to you on level 2 of the Depths)
 39944 | Depths:2 | Found a runed door.
 40439 | Depths:2 | Reached skill level 15 in Shields
 40820 | Depths:2 | Reached skill level 1 in Evocations
 41831 | Depths:3 | Reached XP level 20. HP: 128/164 MP: 23/23
 41852 | Depths:3 | Found a gateway to a ziggurat.
 41984 | Depths:3 | Found a runed gate.
 42004 | Depths:3 | Found a runed gate.
 42005 | Depths:3 | Found a runed gate.
 42007 | Depths:3 | Noticed Siptan's ghost (journeyman SpBe)
 42007 | Depths:3 | Noticed Jareitt's ghost (journeyman SpBe)
 42216 | Depths:3 | Noticed a caustic shrike
 42231 | Depths:3 | Killed a caustic shrike
 42231 | Depths:3 | Received a gift from Okawaru
 43003 | Depths:3 | Noticed Narhacs's ghost (adept OgBe)
 43003 | Depths:3 | Noticed Siptan's ghost (journeyman SpBe)
 43004 | Depths:3 | Noticed Narhacs's ghost (adept OgBe)
 43022 | Depths:3 | Killed Siptan's ghost
 43039 | Depths:3 | Killed Siptan's ghost
 43075 | Depths:3 | Killed Narhacs's ghost
 43104 | Depths:3 | Killed Jareitt's ghost
 43147 | Depths:3 | Killed Narhacs's ghost
 43180 | Depths:3 | Got a spiked cloak
 43191 | Depths:3 | Identified the cursed +0 cloak of Prudence {Dex+3} (You
                  | found it on level 3 of the Depths)
 43720 | Depths:4 | Noticed a juggernaut
 43738 | Depths:4 | Killed a juggernaut
 44029 | Depths:4 | Received a gift from Okawaru
 45038 | Depths:4 | Noticed a caustic shrike
 45054 | Depths:4 | Killed a caustic shrike
 45054 | Depths:4 | Received a gift from Okawaru
 45059 | Depths:4 | Identified the +0 plate armour "Topu" {-Cast rN++}
 45116 | Depths:4 | Identified a +1 pair of boots of running (Okawaru gifted it
                  | to you on level 4 of the Depths)
 45138 | Depths:4 | HP: 6/166 [quicksilver dragon/bolt of dispelling energy
                  | (10)]
 45149 | Depths:4 | Reached skill level 5 in Invocations
 45149 | Depths:4 | Gained mutation: You have a pair of large horns on your
                  | head. [demonic ancestry]
 45149 | Depths:4 | Reached XP level 21. HP: 8/172 MP: 1/24
 45632 | Depths:4 | Got a pair of ichor-stained gloves
 45643 | Depths:4 | Identified the +0 pair of gloves "Kuwkot" {-Tele rCorr
                  | Int+7} (You found it on level 4 of the Depths)
 45755 | Depths:4 | Reached skill level 18 in Polearms
 45904 | Depths:5 | Entered Level 5 of the Depths
 46434 | Depths:5 | HP: 8/173 [spark wasp (13)]
 46434 | Depths:5 | Mangled by a spark wasp

Vault maps used:
D:1:      dpeg_arrival_tiny_i
D:2:      nicolae_overflow_crystal_walls
D:3:      gup_sewer_entry_bowl
D:4:      kennysheep_the_goblin_king, first_ration
D:5:      nicolae_overflow_quartered_altars, lemuel_crystal_altar, serial_shops,
          shop_fountains, tso_metal_star, uniq_eustachio, uniq_pikel,
          uniq_duvessa
D:6:      lemuel_slime, temple_hall, serial_shops, shop, minmay_hedge_maze,
          corexii_shack, uniq_menkaure
D:7:      lemuel_blue_sif_altar, uniq_harold
D:8:      lair_entry_dummy, serial_shops, kennysheep_mini, shop, shop, shop,
          the_bakery, uniq_erica
D:9:      lemuel_round_altar, orc_0_dummy, minmay_crystal_water,
          water_maze_lemuel
D:10:     serial_shops, nicolae_shop_trees
D:11:     uniq_gastronok
D:12:     lab_entry_generic
D:13:     grunt_vaults_entry_tiered, serial_park_tiny_2, minivault_16,
          kennysheep_generic_room_2
D:14:     gammafunk_corrupted_shrine, serial_shops, nicolae_shop_trees,
          hangedman_abyss_or_decor_passed
D:15:     grunt_enter_depths_magical_seal, hangedman_abyss_or_decor_stabs
Temple:   nicolae_temple_great_sept
Lair:1:   serial_bayou_shore_a
Lair:2:   elwin_shoals_entry_stream, uniq_sonja
Lair:3:   ebering_ghost_inner_flame, beast_lair_carwin_1, grunt_megastairs_5,
          uniq_snorg
Lair:4:   spider_nest_entry_a, serial_rivers, chequers_serial_rivers_large_b,
          chequers_serial_rivers_micro_d, chequers_serial_rivers_micro_e,
          chequers_serial_rivers_room_b
Lair:5:   nzn_motion_control, dpeg_slime_entry_corner, wad_woods_river_04
Lair:6:   minmay_lair_end_enchanted_forest
Orc:2:    pubby_orc_utopia, uniq_josephine
Elf:1:    serial_shops, nicolae_shop_trees, hangedman_elf_disciples, spider_trap
Elf:2:    uniq_saint_roka, uniq_nikola
Elf:3:    grunt_elf_hall_spiral
Depths:1: hell_entry, grunt_pan_entry_zigzag, gammafunk_ghost_necromancy,
          serial_sigils_hangedman_gnaw, pandoras_box_mu
Depths:2: minmay_stepped, hell_entry, nicolae_twisting_strands, abyss_entry,
          minmay_misc_feat_roman, grunt_ministairs_6,
          serial_sigils_hangedman_clutch, hangedman_aerie_drop
Depths:3: minmay_chopped_fan, enter_ziggurat_e, gammafunk_ghost_cemetery,
          grunt_decor_mini_mirrors, pan_entry, hangedman_coc_ice_floe,
          basic_stair_grate_trap
Depths:4: minmay_shrinking_squares, rand_demon_pan_entry_4,
          grunt_hell_entry_dis_mu, minmay_misc_feat_rows, abyss_entry,
          due_unseen_surprise
Depths:5: grunt_zot_entry_gee_three, abyss_entry, hell_entry
Abyss:2:  bh_silent_lugonu_exit, evilmike_abyss_exit_4, bh_silent_lugonu_exit
Abyss:4:  hangedman_abyss_river_spirits, gammafunk_abyss_rune_reverse_zot,
          evilmike_abyss_exit_15, abyss_greek_temple
Lab:      nicolae_lab_very_dead_end
Sewer:    sewer_the_crocodile

Skill      XL: |  1  2  3  4  5  6  7  8  9 10 11 12 13 14 15 16 17 18 19 20 21 |
---------------+----------------------------------------------------------------+-----
Axes           | 2 3 4 5 6 |  6.4
Shields        | 3 4 6 8 10 11 12 14 15 17 | 17.4
Armour         | 3 4 5 6 7 8 9 10 11 12 | 12.8
Dodging        | 1 2 3 4 5 6 7 8 9 |  9.3
Fighting       | 4 5 6 7 8 10 11 12 13 14 15 16 | 16.8
Polearms       | 2 5 8 10 12 14 15 16 17 18 | 18.0
Stealth        | 1 2 3 4 5 8 9 10 11 | 11.6
Invocations    | 1 2 3 4 5 |  5.0
Evocations     | 1 |  1.2

Action                   |  1- 3 |  4- 6 |  7- 9 | 10-12 | 13-15 | 16-18 | 19-21 || total
-------------------------+-------+-------+-------+-------+-------+-------+-------++-------
Melee: War axe           |   118 |   160 |     1 |       |    79 |       |       ||   358
       Headbutt          |     6 |    38 |    41 |   122 |   408 |   353 |   474 ||  1442
       Halberd           |       |       |   216 |   815 |       |       |       ||  1031
       Demon trident     |       |       |       |       |  1235 |       |       ||  1235
       Spear             |       |       |       |       |   374 |  1735 |  1677 ||  3786
Invok: Heroism           |       |       |       |     3 |     8 |     5 |    12 ||    28
       Finesse           |       |       |       |       |     2 |       |     5 ||     7
 Abil: Evoke Flight      |       |       |       |     4 |       |       |     1 ||     5
       Stop Flying       |       |       |       |     1 |       |       |       ||     1
       Evoke Blink       |       |       |       |       |       |       |     2 ||     2
Evoke: Wand              |       |       |       |       |     1 |       |       ||     1
  Use: Scroll            |       |     9 |     2 |    10 |    16 |     2 |     7 ||    46
       Potion            |       |       |       |       |     3 |    13 |     1 ||    17
 Stab: Sleeping          |       |       |     1 |     1 |    25 |    35 |    11 ||    73
       Distracted        |       |       |       |     1 |    11 |    28 |    18 ||    58
  Eat: Chunk             |       |     6 |    12 |    33 |    39 |    27 |    20 ||   137
       Ration            |       |       |       |       |     2 |     1 |     3 ||     6
Armor: Scale mail        |    79 |    74 |       |       |       |       |       ||   153
       Chain mail        |       |    13 |    12 |   222 |    19 |       |       ||   266
       Ring mail         |       |       |    60 |    60 |       |       |       ||   120
       Pearl dragon scal |       |       |       |       |   439 |   235 |   124 ||   798
       Crystal plate arm |       |       |       |       |       |       |   147 ||   147
Dodge: Dodged            |    44 |    55 |    84 |   290 |   317 |   214 |   166 ||  1170
Block: Shield            |    70 |    92 |     1 |       |   623 |   721 |   188 ||  1695
       Reflection        |       |       |       |       |    11 |    93 |    12 ||   116
       Large shield      |       |       |       |       |       |       |   877 ||   877

Table legend:
 A = Non-vault XP
 B = Vault XP
 C = Vault XP percentage of total XP
 D = Non-vault monster count
 E = Vault monster count
 F = Vault count percentage of total count
                 A         B        C        D         E       F
            +---------+---------+-------+---------+---------+-------
      Total |  366177 |  235631 |  39.2 |     982 |     501 |  33.8
            +---------+---------+-------+---------+---------+-------
        D:1 |      36 |       0 |   0.0 |      22 |       0 |   0.0
        D:2 |     144 |       0 |   0.0 |      35 |       0 |   0.0
        D:3 |     103 |       6 |   5.5 |      19 |       3 |  13.6
        D:4 |     542 |      14 |   2.5 |      16 |       7 |  30.4
        D:5 |     192 |     998 |  83.9 |       7 |       4 |  36.4
        D:6 |     715 |     642 |  47.3 |      17 |      17 |  50.0
        D:7 |    1225 |     939 |  43.4 |      25 |       1 |   3.8
        D:8 |    1340 |    1055 |  44.1 |      27 |       2 |   6.9
        D:9 |    3663 |       0 |   0.0 |      38 |       0 |   0.0
       D:10 |    4537 |       0 |   0.0 |      47 |       0 |   0.0
       D:11 |    4798 |    1816 |  27.5 |      46 |       1 |   2.1
       D:12 |    5862 |    2189 |  27.2 |      25 |      26 |  51.0
       D:13 |    7613 |    8088 |  51.5 |      26 |      30 |  53.6
       D:14 |    6597 |    6341 |  49.0 |      34 |       8 |  19.0
       D:15 |   35971 |    4057 |  10.1 |      78 |      10 |  11.4
     Lair:1 |    4802 |       0 |   0.0 |      18 |       0 |   0.0
     Lair:2 |     243 |    2183 |  90.0 |       1 |       5 |  83.3
     Lair:3 |    5527 |    4738 |  46.2 |      26 |      13 |  33.3
     Lair:4 |    3034 |    1155 |  27.6 |      14 |       2 |  12.5
     Lair:5 |    7462 |    1731 |  18.8 |      26 |       3 |  10.3
     Lair:6 |   10055 |    8365 |  45.4 |      28 |      48 |  63.2
      Orc:1 |     679 |       0 |   0.0 |      15 |       0 |   0.0
      Orc:2 |       0 |   16967 | 100.0 |       0 |     139 | 100.0
      Elf:1 |   24806 |    5704 |  18.7 |      42 |       9 |  17.6
      Elf:2 |   19773 |   23614 |  54.4 |      38 |      35 |  47.9
      Elf:3 |   13931 |   43897 |  75.9 |      24 |      32 |  57.1
   Depths:1 |   39909 |   30169 |  43.1 |      54 |      32 |  37.2
   Depths:2 |   18245 |   17746 |  49.3 |      23 |      40 |  63.5
   Depths:3 |   28258 |   33390 |  54.2 |      35 |      16 |  31.4
   Depths:4 |   63215 |   19349 |  23.4 |      66 |      11 |  14.3
   Depths:5 |    6834 |       0 |   0.0 |       6 |       0 |   0.0
    Abyss:2 |   29779 |     337 |   1.1 |      69 |       1 |   1.4
    Abyss:4 |   15164 |       0 |   0.0 |      34 |       0 |   0.0
        Lab |    1123 |       0 |   0.0 |       1 |       0 |   0.0
      Sewer |       0 |     141 | 100.0 |       0 |       6 | 100.0
            +---------+---------+-------+---------+---------+-------
